 Dungeon Crawl Stone Soup version 0.31-a0-1-g4198be8af4 (webtiles) character file.

Game seed: 12160433829762049279

6127 ytrimaz the Blocker (level 10, -1/67 (82) HPs)
             Began as a Gnoll Fighter on May 1, 2023.
             Was a Follower of Cheibriados.
             Slain by a spectral orc warrior
             ... wielding a +0 scimitar
             ... summoned by Nergalle
              (4 damage)
             ... on level 10 of the Dungeon.
             The game lasted 00:08:45 (6807 turns).

ytrimaz the Blocker (Gnoll Fighter)                 Turns: 6807, Time: 00:08:45

HP:   -1/67 (82)    AC: 17    Str: 30    XL:     10   Next: 89%
MP:   18/18         EV: 10    Int: 15    God:    Cheibriados [*.....]
Gold: 386           SH:  6    Dex: 15    Spells: 18/20 levels left

rFire   x . .        a - +1 war axe
rCold   . . .        c - +0 buckler
rNeg    . . .        e - +0 plate armour
rPois   .            b - +1 hat
rElec   .            m - +0 cloak "Redupp" {rF- Regen+ rCorr Slay+5}
rCorr   +            k - +0 pair of gloves
SInv    .            (no boots)
Will    .....        o - amulet "Ysuesuxe" {RegenMP Rampage Will- Regen+} Stlth
                     q - +6 ring of strength
HPRegen 1.91/turn    r - +6 ring of strength
MPRegen 0.56/turn

%: rampage
@: mighty, heavily drained, very slow
A: fangs 1, strong nose, distributed training
a: Renounce Religion, Bend Time


You were on level 10 of the Dungeon.
You worshipped Cheibriados.
Cheibriados was aware of your devotion.
You visited 2 branches of the dungeon, and saw 11 of its levels.

You collected 511 gold pieces.
You spent 125 gold pieces at shops.


Innate Abilities, Weirdness & Mutations

You have very sharp teeth.
Your uncanny sense of smell can sniff out nearby items.
Your experience applies equally to all skills.


   Skills:
 + Level 8.9 Fighting
 + Level 5.9 Short Blades
 + Level 5.9 Long Blades
 + Level 7.5 Axes
 + Level 5.9 Maces & Flails
 + Level 5.9 Polearms
 + Level 5.9 Staves
 + Level 5.9 Ranged Weapons
 + Level 5.9 Throwing
 + Level 8.9 Armour
 + Level 5.9 Dodging
 + Level 5.9 Stealth
 + Level 8.9 Shields
 + Level 5.9 Unarmed Combat
 + Level 5.9 Spellcasting
 + Level 4.9 Conjurations
 + Level 4.9 Hexes
 + Level 4.9 Summonings
 + Level 4.9 Necromancy
 + Level 4.9 Translocations
 + Level 4.9 Transmutations
 + Level 4.9 Fire Magic
 + Level 4.9 Ice Magic
 + Level 4.9 Air Magic
 + Level 4.9 Earth Magic
 + Level 4.9 Poison Magic
 + Level 6.5 Invocations
 + Level 5.9 Evocations


You had 18 spell levels left.
You knew the following spells:

 Your Spells              Type           Power      Damage    Failure   Level
a - Wereblood             Tmut           19%        N/A       26%         2

Your spell library contained the following spells:

 Spells                   Type           Power      Damage    Failure   Level
 Apportation              Tloc           38%        N/A       17%         1
 Beastly Appendage        Tmut           38%        N/A       17%         1
 Necrotise                Necr           76%        1d7       17%         1
 Shock                    Conj/Air       76%        1d7       17%         1
 Sting                    Tmut/Pois      76%        1d6       17%         1
 Summon Small Mammal      Summ           76%        N/A       17%         1
 Poisonous Vapours        Pois/Air       38%        N/A       26%         2
 Inner Flame              Hex/Fire       19%        N/A       45%         3
 Spider Form              Tmut/Pois      19%        N/A       45%         3
 Swiftness                Air            19%        N/A       45%         3
 Airstrike                Air            9%         2d(2-18)  86%         4
 Olgreb's Toxic Radiance  Pois           19%        N/A       86%         4
 Summon Forest            Summ/Tloc      9%         N/A       99%         5
 Summon Mana Viper        Hex/Summ       19%        N/A       99%         5
 Yara's Violent Unravell  Hex/Tmut       9%         3d6       99%         5
 Summon Cactus Giant      Summ           9%         N/A       100%        6
 Enfeeble                 Hex            9%         N/A       100%        7

Inventory:

Hand Weapons
 a - a +1 war axe (weapon)
Armour
 b - a +1 hat (worn)
   (You found it on level 6 of the Dungeon)
 c - a +0 buckler (worn)
 e - a +0 plate armour (worn)
   (You took it off an orc warrior on level 5 of the Dungeon)
 k - a +0 pair of gloves (worn)
   (You found it on level 2 of the Dungeon)
 m - the +0 cloak "Redupp" (worn) {rF- Regen+ rCorr Slay+5}
   (You acquired it on level 2 of the Dungeon)

   Slay:      It affects your accuracy & damage with ranged weapons and melee
   (+5).
   rF:        It makes you vulnerable to fire.
   Regen:     It increases your rate of health regeneration.
   rCorr:     It protects you from acid and corrosion.
Jewellery
 o - the amulet "Ysuesuxe" (around neck) {RegenMP Rampage Will- Regen+}
   (You bought it in a shop on level 1 of the Dungeon)

   [amulet of magic regeneration]

   It increases your rate of magic regeneration.
   Regen:     It increases your rate of health regeneration.
   Rampage:   It bestows one free step when moving towards enemies.
   Will:      It decreases your willpower.
   Cheibriados disapproves of the use of such an item.
 q - a +6 ring of strength (left hand)
   (You found it on level 3 of the Dungeon)
 r - a +6 ring of strength (right hand)
   (You found it on level 3 of the Dungeon)
 v - a ring of magical power
   (You found it on level 4 of the Dungeon)
 y - an amulet of faith
   (You found it on level 5 of the Dungeon)
 z - a ring of positive energy
   (You found it on level 5 of the Dungeon)
 D - a ring of see invisible
   (You found it on level 5 of the Dungeon)
 I - a ring of positive energy
   (You found it on level 7 of the Dungeon)
Wands
 l - a wand of quicksilver (8)
   (You found it on level 7 of the Dungeon)
 u - a wand of iceblast (12)
   (You found it on level 6 of the Dungeon)
 x - a wand of polymorph (44)
   (You took it off Edmund on level 4 of the Dungeon)
 C - a wand of digging (4)
   (You found it on level 5 of the Dungeon)
 G - a wand of charming (1)
   (You found it on level 8 of the Dungeon)
 K - a wand of flame (12)
   (You found it on level 9 of the Dungeon)
Scrolls
 f - 2 scrolls of enchant weapon
 i - a scroll of poison
 j - a scroll of fog
 A - a scroll of teleportation
 F - a scroll of amnesia
 H - 2 scrolls of enchant armour
 L - 2 scrolls of fear
 M - a scroll of immolation
Potions
 d - a potion of might
 g - a potion of flight
 h - 2 potions of magic
 n - 2 potions of brilliance
 p - a potion of attraction
 s - 2 potions of resistance
 t - 8 potions of curing
 w - a potion of lignification {unknown}
 B - a potion of ambrosia {unknown}
 E - 2 potions of mutation
 J - 2 potions of heal wounds

Dungeon Overview and Level Annotations

Branches:
Dungeon (10/15) Zot: 40333  Temple (1/1) D:6 Zot: 8955    Lair (0/5) D:9
    Orc: D:9-12

Altars:
Ashenzari
Cheibriados
Dithmenos
Elyvilon
Fedhas
Gozag
Hepliaklqana
Kikubaaqudgha
Makhleb
Nemelex Xobeh
Okawaru
Qazlal
Ru
Sif Muna
Trog
Uskayaw
Vehumet
Wu Jian
Xom
Yredelemnul
Zin
The Shining One

Shops:
D:1 *   D:4 *

Annotations:
D:5 2 transporters
D:10 Nergalle

..####.### #..#
#.# ..
...###.####....
##...#.....# ###
........##......#
#######.#######.#
# #.........#
###......Z##
######ZZ@#
#.ZZo...#
#Z##....# #.#
#....# #.# .#....
#.. !#.### #.. .
# #


You could see Nergalle, 4 spectral orc warriors and 2 spectral orc knights.


Message History

The spectral orc knight hits you with a +1 long sword!
You feel drained. Nergalle casts a spell at you.
Orcish apparitions take form around you.
The spectral orc warrior barely misses you.
The spectral orc knight barely misses you.
Nergalle hits you but does no damage. 😕 HP[-7]
You now have 78 max hp (-2).
You take 7 damage, and now have 62/78 hp.
You slash Nergalle!
You hit the spectral orc warrior but do no damage.
You hit the spectral orc knight.
You hit the spectral orc warrior but do no damage.
The spectral orc warrior closely misses you.
The spectral orc knight barely misses you.
Nergalle hits you but does no damage.
The spectral orc knight hits you from afar with a +0 halberd.
You feel drained.
The spectral orc warrior completely misses you. 😕 HP[-4]
You now have 76 max hp (-2).
You take 4 damage, and now have 58/76 hp.
You barely miss Nergalle.
You barely miss the spectral orc warrior.
You slash the spectral orc knight!
You barely miss the spectral orc warrior.
You hit the spectral orc warrior.
The spectral orc knight hits you but does no damage.
You block the spectral orc warrior's attack.
The spectral orc knight barely misses you.
Nergalle hits you but does no damage.
The spectral orc knight barely misses you.
You block the spectral orc warrior's attack.
The spectral orc warrior barely misses you.
The spectral orc warrior hits you with a +0 scimitar! 😮 HP[-12]
You take 12 damage, and now have 46/76 hp.
You completely miss Nergalle.
You hit the spectral orc warrior but do no damage. x2
You hit the spectral orc knight but do no damage.
You barely miss the spectral orc warrior.
The spectral orc knight hits you but does no damage.
Nergalle barely misses you.
The spectral orc knight hits you from afar with a +0 halberd!
* * * LOW HITPOINT WARNING * * *
The spectral orc warrior hits you but does no damage.
The spectral orc warrior hits you with a +3 glaive.
* * * LOW HITPOINT WARNING * * *
You block the spectral orc warrior's attack.
The spectral orc knight hits you with a +1 long sword!
* * * LOW HITPOINT WARNING * * *
You feel drained. 😨 HP[-24]
You now have 75 max hp (-1).
You take 24 damage, and now have 22/75 hp.
MASSIVE DAMAGE!! (PAUSE)
You feel much better.
The spectral orc knight hits you with a +1 long sword!
* * * LOW HITPOINT WARNING * * *
You feel drained.
* * * LOW HITPOINT WARNING * * *
Nergalle barely misses you.
You block the spectral orc knight's attack.
The spectral orc warrior barely misses you. x2
The spectral orc warrior closely misses you. 😨 HP[+11]
You now have 72 max hp (-3).
You regained 11 hp, and now have 33/72 hp.
You feel very mighty all of a sudden.
The spectral orc knight hits you but does no damage.
Nergalle hits you but does no damage.
The spectral orc knight hits you from afar with a +0 halberd!
* * * LOW HITPOINT WARNING * * *
You block the spectral orc warrior's attack.
The spectral orc warrior barely misses you.
You block the spectral orc warrior's attack.
The spectral orc knight closely misses you. 😨 HP[-11]
You take 11 damage, and now have 22/72 hp.
Unknown command.
Unknown command.
You slash Nergalle!
You hit the spectral orc warrior but do no damage.
You slash the spectral orc warrior! You slash the spectral orc knight!
You slash the spectral orc warrior!
The spectral orc knight closely misses you.
Nergalle casts a spell at the spectral orc warrior.
The spectral orc warrior seems to speed up.
The spectral orc knight hits you from afar with a +0 halberd.
* * * LOW HITPOINT WARNING * * *
You feel drained.
* * * LOW HITPOINT WARNING * * *
The spectral orc warrior hits you with a +3 glaive!
* * * LOW HITPOINT WARNING * * *
You feel drained.
* * * LOW HITPOINT WARNING * * *
The spectral orc warrior hits you but does no damage.
The spectral orc warrior hits you with a +0 scimitar.
You die...

Skill      XL: |  1  2  3  4  5  6  7  8  9 10 |
---------------+-------------------------------+-----
Invocations    | 1 2 3 4 5 6 |  6.5
Short Blades   | 1 2 3 5 |  5.9
Long Blades    | 1 2 3 5 |  5.9
Maces & Flails | 1 2 3 5 |  5.9
Polearms       | 1 2 3 5 |  5.9
Staves         | 1 2 3 5 |  5.9
Ranged Weapons | 1 2 3 5 |  5.9
Throwing       | 1 2 3 5 |  5.9
Dodging        | 1 2 3 5 |  5.9
Stealth        | 1 2 3 5 |  5.9
Unarmed Combat | 1 2 3 5 |  5.9
Spellcasting   | 1 2 3 5 |  5.9
Evocations     | 1 2 3 5 |  5.9
Conjurations   | 1 2 3 4 |  4.9
Hexes          | 1 2 3 4 |  4.9
Summonings     | 1 2 3 4 |  4.9
Necromancy     | 1 2 3 4 |  4.9
Translocations | 1 2 3 4 |  4.9
Transmutations | 1 2 3 4 |  4.9
Fire Magic     | 1 2 3 4 |  4.9
Ice Magic      | 1 2 3 4 |  4.9
Air Magic      | 1 2 3 4 |  4.9
Earth Magic    | 1 2 3 4 |  4.9
Poison Magic   | 1 2 3 4 |  4.9
Axes           | 5 6 7 |  7.5
Fighting       | 7 8 |  8.9
Armour         | 7 8 |  8.9
Shields        | 7 8 |  8.9

Action                     |  1- 3 |  4- 6 |  7- 9 | 10-12 || total
---------------------------+-------+-------+-------+-------++-------
  Melee: War axe           |    80 |    69 |   226 |    95 ||   470
         Bite              |     9 |     7 |    32 |    17 ||    65
         Unarmed           |       |       |     7 |       ||     7
    Use: Scroll            |     9 |     1 |    13 |       ||    23
         Potion            |       |       |     3 |     3 ||     6
 Armour: Scale mail        |    28 |    46 |    47 |       ||   121
         Plate armour      |       |       |    79 |    77 ||   156
  Dodge: Dodged            |    35 |    23 |   122 |    70 ||   250
  Block: Buckler           |    20 |    14 |    72 |    29 ||   135

Levels and vault maps discovered:
D:1:      minmay_arrival_wavy_path, layout_basic, serial_shops, shop_fountains
D:2:      layout_rooms
D:3:      layout_basic, evilmike_ruin_ashenzari, minivault_27, uniq_robin
D:4:      layout_rooms, serial_shops, nicolae_shop_getting_attention,
          grunt_decor_one_mirror, uniq_pargi, uniq_edmund, uniq_sigmund
D:5:      gammafunk_steamed_eel, layout_gridville, uniq_eustachio
D:6:      layout_cave_pools, minitemple, minmay_temple_entry_arrows,
          feat_on_display
D:7:      layout_loops_cross
D:8:      layout_basic, dreamdust_divine_triumvirate,
          nicolae_overflow_crystal_walls
D:9:      layout_loops_cross, grunt_lair_entry_orc_guard_hut,
          minmay_misc_feat_five, minmay_unpleasant_kobolds, uniq_erolcha
D:10:     layout_basic, st_stairs_11, uniq_nergalle
Temple:   nicolae_temple_stand_before_the_council

Notes
Turn   | Place    | Note
-------+----------+-------------------------------------------
     0 | D:1      | ytrimaz the Gnoll Fighter began the quest for the Orb.
     0 | D:1      | Reached XP level 1. HP: 23/23 MP: 1/1
     0 | D:1      | magus.rc [v1.9.6]
    94 | D:1      | You pick up a book of the Wilderness and begin reading...
    94 | D:1      | You add the spells Summon Forest, Summon Mana Viper and
                  | Summon Cactus Giant to your library.
   285 | D:1      | Reached XP level 2. HP: 29/29 MP: 2/2
   290 | D:1      | You pick up a book of Air and begin reading...
   290 | D:1      | You add the spells Shock, Swiftness and Airstrike to your
                  | library.
   912 | D:1      | Found Buuny's Assorted Antiques.
  1184 | D:2      | Reached XP level 3. HP: 35/35 MP: 3/3
  1276 | D:2      | Identified a scroll of acquirement
  1276 | D:2      | Acquired the +0 cloak "Redupp" {rF- Regen+ rCorr Slay+5}
  1532 | D:2      | Reached skill level 1 in Invocations
  1676 | D:1      | Bought a coiled iron amulet for 125 gold pieces
  1676 | D:1      | Identified the amulet "Ysuesuxe" {RegenMP Rampage Will-
                  | Regen+} (You bought it in a shop on level 1 of the Dungeon)
  1791 | D:3      | Reached skill level 1 in Short Blades
  1791 | D:3      | Reached skill level 1 in Long Blades
  1791 | D:3      | Reached skill level 1 in Maces & Flails
  1791 | D:3      | Reached skill level 1 in Polearms
  1791 | D:3      | Reached skill level 1 in Staves
  1791 | D:3      | Reached skill level 1 in Ranged Weapons
  1791 | D:3      | Reached skill level 1 in Throwing
  1791 | D:3      | Reached skill level 1 in Dodging
  1791 | D:3      | Reached skill level 1 in Stealth
  1791 | D:3      | Reached skill level 1 in Unarmed Combat
  1791 | D:3      | Reached skill level 1 in Spellcasting
  1791 | D:3      | Reached skill level 1 in Evocations
  1864 | D:3      | Noticed an ogre
  1869 | D:3      | Killed an ogre
  1870 | D:3      | Reached skill level 1 in Conjurations
  1870 | D:3      | Reached skill level 1 in Hexes
  1870 | D:3      | Reached skill level 1 in Summonings
  1870 | D:3      | Reached skill level 1 in Necromancy
  1870 | D:3      | Reached skill level 1 in Translocations
  1870 | D:3      | Reached skill level 1 in Transmutations
  1870 | D:3      | Reached skill level 1 in Fire Magic
  1870 | D:3      | Reached skill level 1 in Ice Magic
  1870 | D:3      | Reached skill level 1 in Air Magic
  1870 | D:3      | Reached skill level 1 in Earth Magic
  1870 | D:3      | Reached skill level 1 in Poison Magic
  1870 | D:3      | Reached XP level 4. HP: 41/41 MP: 4/6
  1870 | D:3      | Reached XP level 5. HP: 47/47 MP: 4/7
  2063 | D:3      | You pick up a book of Misfortune and begin reading...
  2063 | D:3      | You add the spells Inner Flame, Yara's Violent Unravelling
                  | and Enfeeble to your library.
  2083 | D:3      | Found a broken altar of Ashenzari.
  2569 | D:3      | Noticed Robin
  2578 | D:3      | Killed Robin
  2645 | D:4      | Found Atsak's General Store.
  2675 | D:4      | Reached skill level 2 in Invocations
  2675 | D:4      | Reached XP level 6. HP: 46/53 MP: 8/8
  2762 | D:4      | Noticed Sigmund
  2769 | D:4      | Killed Sigmund
  2770 | D:4      | Reached skill level 2 in Short Blades
  2770 | D:4      | Reached skill level 2 in Long Blades
  2770 | D:4      | Reached skill level 5 in Axes
  2770 | D:4      | Reached skill level 2 in Maces & Flails
  2770 | D:4      | Reached skill level 2 in Polearms
  2770 | D:4      | Reached skill level 2 in Staves
  2770 | D:4      | Reached skill level 2 in Ranged Weapons
  2770 | D:4      | Reached skill level 2 in Throwing
  2770 | D:4      | Reached skill level 2 in Dodging
  2770 | D:4      | Reached skill level 2 in Stealth
  2770 | D:4      | Reached skill level 2 in Unarmed Combat
  2770 | D:4      | Reached skill level 2 in Spellcasting
  2770 | D:4      | Reached skill level 2 in Evocations
  2805 | D:4      | You pick up a book of Cantrips and begin reading...
  2805 | D:4      | You add the spells Necrotise, Summon Small Mammal and
                  | Apportation to your library.
  2834 | D:4      | Noticed Pargi
  2846 | D:4      | Killed Pargi
  2847 | D:4      | Reached skill level 7 in Fighting
  2847 | D:4      | Reached skill level 7 in Armour
  2847 | D:4      | Reached skill level 7 in Shields
  2847 | D:4      | Reached skill level 2 in Conjurations
  2847 | D:4      | Reached skill level 2 in Hexes
  2847 | D:4      | Reached skill level 2 in Summonings
  2847 | D:4      | Reached skill level 2 in Necromancy
  2847 | D:4      | Reached skill level 2 in Translocations
  2847 | D:4      | Reached skill level 2 in Transmutations
  2847 | D:4      | Reached skill level 2 in Fire Magic
  2847 | D:4      | Reached skill level 2 in Ice Magic
  2847 | D:4      | Reached skill level 2 in Air Magic
  2847 | D:4      | Reached skill level 2 in Earth Magic
  2847 | D:4      | Reached skill level 2 in Poison Magic
  2847 | D:4      | Reached XP level 7. HP: 60/60 MP: 10/10
  2887 | D:4      | You pick up a book of Changes and begin reading...
  2887 | D:4      | You add the spells Beastly Appendage, Wereblood and Spider
                  | Form to your library.
  2946 | D:4      | Learned a level 2 spell: Wereblood
  2960 | D:4      | Noticed Edmund
  2984 | D:4      | HP: 15/60 [poisoned by Edmund]
  3042 | D:4      | Killed Edmund
  3159 | D:5      | Entered Level 5 of the Dungeon
  3186 | D:5      | Found a transporter.
  3266 | D:5      | Reached skill level 3 in Invocations
  3462 | D:5      | Found a transporter.
  3491 | D:5      | Reached skill level 3 in Short Blades
  3491 | D:5      | Reached skill level 3 in Long Blades
  3491 | D:5      | Reached skill level 3 in Maces & Flails
  3491 | D:5      | Reached skill level 3 in Polearms
  3491 | D:5      | Reached skill level 3 in Staves
  3491 | D:5      | Reached skill level 3 in Ranged Weapons
  3491 | D:5      | Reached skill level 3 in Throwing
  3491 | D:5      | Reached skill level 3 in Dodging
  3491 | D:5      | Reached skill level 3 in Stealth
  3491 | D:5      | Reached skill level 3 in Unarmed Combat
  3491 | D:5      | Reached skill level 3 in Spellcasting
  3491 | D:5      | Reached skill level 3 in Evocations
  3521 | D:5      | Noticed Eustachio
  3524 | D:5      | Reached XP level 8. HP: 67/67 MP: 12/12
  3529 | D:5      | Killed Eustachio
  3861 | D:6      | Reached skill level 3 in Conjurations
  3861 | D:6      | Reached skill level 3 in Hexes
  3861 | D:6      | Reached skill level 3 in Summonings
  3861 | D:6      | Reached skill level 3 in Necromancy
  3861 | D:6      | Reached skill level 3 in Translocations
  3861 | D:6      | Reached skill level 3 in Transmutations
  3861 | D:6      | Reached skill level 3 in Fire Magic
  3861 | D:6      | Reached skill level 3 in Ice Magic
  3861 | D:6      | Reached skill level 3 in Air Magic
  3861 | D:6      | Reached skill level 3 in Earth Magic
  3861 | D:6      | Reached skill level 3 in Poison Magic
  3861 | D:6      | Reached skill level 4 in Invocations
  3870 | D:6      | Reached skill level 6 in Axes
  3899 | D:6      | HP: 15/67 [orc warrior/+0 battleaxe (11)]
  3902 | D:6      | HP: 5/67 [orc warrior/+0 battleaxe (8)]
  3904 | D:6      | HP: 1/67 [orc warrior/+0 battleaxe (8)]
  3913 | D:6      | HP: 13/67 [killer bee (6)]
  3952 | D:5      | Reached XP level 9. HP: 69/73 MP: 14/14
  3997 | D:6      | Reached skill level 4 in Short Blades
  3997 | D:6      | Reached skill level 4 in Long Blades
  3997 | D:6      | Reached skill level 4 in Maces & Flails
  3997 | D:6      | Reached skill level 4 in Polearms
  3997 | D:6      | Reached skill level 4 in Staves
  3997 | D:6      | Reached skill level 4 in Ranged Weapons
  3997 | D:6      | Reached skill level 4 in Throwing
  3997 | D:6      | Reached skill level 4 in Dodging
  3997 | D:6      | Reached skill level 4 in Stealth
  3997 | D:6      | Reached skill level 4 in Unarmed Combat
  3997 | D:6      | Reached skill level 4 in Spellcasting
  3997 | D:6      | Reached skill level 4 in Evocations
  4169 | D:6      | Found a staircase to the Ecumenical Temple.
  4177 | Temple   | Entered the Ecumenical Temple
  4234 | D:6      | Found a radiant altar of Vehumet.
  4235 | D:6      | Found a snail-covered altar of Cheibriados.
  4247 | D:6      | Found a shadowy altar of Dithmenos.
  4249 | D:6      | Became a worshipper of Cheibriados the Contemplative
  4261 | D:6      | Found a blossoming altar of Fedhas.
  4351 | D:6      | Found a burning altar of Makhleb.
  4351 | D:6      | Found an opulent altar of Gozag.
  4351 | D:6      | Found a hazy altar of Hepliaklqana.
  4351 | D:6      | Found a shimmering altar of Xom.
  4352 | D:6      | Found an ancient bone altar of Kikubaaqudgha.
  4354 | D:6      | Found a shimmering blue altar of Sif Muna.
  4355 | D:6      | Found a sparkling altar of Nemelex Xobeh.
  4709 | D:7      | Reached skill level 8 in Fighting
  4709 | D:7      | Reached skill level 8 in Armour
  4709 | D:7      | Reached skill level 8 in Shields
  4807 | D:7      | You add the spells Sting, Poisonous Vapours and Olgreb's
                  | Toxic Radiance to your library.
  4846 | D:7      | Reached skill level 5 in Invocations
  5293 | D:8      | Found a white marble altar of Elyvilon.
  5296 | D:8      | Found a glowing golden altar of the Shining One.
  5297 | D:8      | Found a glowing silver altar of Zin.
  5429 | D:8      | Found a sacrificial altar of Ru.
  5739 | D:8      | Reached skill level 4 in Conjurations
  5739 | D:8      | Reached skill level 4 in Hexes
  5739 | D:8      | Reached skill level 4 in Summonings
  5739 | D:8      | Reached skill level 4 in Necromancy
  5739 | D:8      | Reached skill level 4 in Translocations
  5739 | D:8      | Reached skill level 4 in Transmutations
  5739 | D:8      | Reached skill level 4 in Fire Magic
  5739 | D:8      | Reached skill level 4 in Ice Magic
  5739 | D:8      | Reached skill level 4 in Air Magic
  5739 | D:8      | Reached skill level 4 in Earth Magic
  5739 | D:8      | Reached skill level 4 in Poison Magic
  5879 | D:9      | Reached skill level 5 in Short Blades
  5879 | D:9      | Reached skill level 5 in Long Blades
  5879 | D:9      | Reached skill level 5 in Maces & Flails
  5879 | D:9      | Reached skill level 5 in Polearms
  5879 | D:9      | Reached skill level 5 in Staves
  5879 | D:9      | Reached skill level 5 in Ranged Weapons
  5879 | D:9      | Reached skill level 5 in Throwing
  5879 | D:9      | Reached skill level 5 in Dodging
  5879 | D:9      | Reached skill level 5 in Stealth
  5879 | D:9      | Reached skill level 5 in Unarmed Combat
  5879 | D:9      | Reached skill level 5 in Spellcasting
  5879 | D:9      | Reached skill level 5 in Evocations
  5879 | D:9      | Reached XP level 10. HP: 53/81 MP: 17/17
  5886 | D:9      | Reached skill level 7 in Axes
  5897 | D:9      | Reached * piety under Cheibriados
  5956 | D:9      | Noticed Erolcha
  5979 | D:9      | Killed Erolcha
  5980 | D:9      | Reached skill level 6 in Invocations
  5984 | D:9      | HP: 18/82 [wyvern (11)]
  6110 | D:9      | Reached ** piety under Cheibriados
  6525 | D:9      | Found a staircase to the Lair.
  6686 | D:10     | Entered Level 10 of the Dungeon
  6795 | D:10     | Noticed Nergalle
  6807 | D:10     | HP: 7/70 [spectral orc warrior/+3 glaive[Nergalle] (12)]
  6807 | D:10     | HP: 3/67 [spectral orc warrior/+3 glaive[Nergalle] (4)]
  6807 | D:10     | Slain by a spectral orc warrior

Vanquished Creatures
  Erolcha (D:9)
  A shadow (D:9)
  Sigmund (D:4)
  3 wyverns
  A steam dragon (D:10)
  7 yaks (D:9)
  Eustachio (D:5)
  An acid dragon (D:8)
  Edmund (D:4)
  3 orc warriors
  An ice beast (D:7)
  A black bear (D:9)
  Pargi (D:4)
  3 centaurs
  2 ogres
  A phantom (D:6)
  3 kobold brigands (D:9)
  7 bullfrogs
  6 scorpions
  3 wights (D:9)
  5 killer bees
  5 howler monkeys
  An orc priest (D:6)
  5 hounds
  3 gnoll boudas
  3 iguanas
  2 orc wizards
  A sleepcap (D:6)
  Robin (D:3)
  11 gnolls
  2 adders
  2 shadow imps
  A white imp (D:7)
  2 ufetubi
  A worm (D:3)
  2 dart slugs
  18 orcs
  3 bats
  8 endoplasms
  3 giant cockroaches
  9 goblins
  8 hobgoblins
  14 kobolds
  3 quokkas
  6 ball pythons
  4 frilled lizards
  8 rats
179 creatures vanquished.

Vanquished Creatures (others)
  6 fungi (D:9)
  4 plants (D:9)
10 creatures vanquished.

Grand Total: 189 creatures vanquished

Table legend:
 A = Non-vault XP
 B = Vault XP
 C = Vault XP percentage of total XP
 D = Non-vault monster count
 E = Vault monster count
 F = Vault count percentage of total count
                 A         B        C        D         E       F
            +---------+---------+-------+---------+---------+-------
      Total |    6330 |    2424 |  27.7 |     155 |      24 |  13.4
            +---------+---------+-------+---------+---------+-------
        D:1 |      24 |       0 |   0.0 |      13 |       0 |   0.0
        D:2 |      25 |       0 |   0.0 |      17 |       0 |   0.0
        D:3 |     194 |      28 |  12.6 |      16 |       7 |  30.4
        D:4 |      87 |     510 |  85.4 |      17 |       3 |  15.0
        D:5 |     709 |     197 |  21.7 |      13 |       1 |   7.1
        D:6 |     832 |       0 |   0.0 |      19 |       0 |   0.0
        D:7 |    1038 |       0 |   0.0 |      17 |       0 |   0.0
        D:8 |     595 |       0 |   0.0 |      14 |       0 |   0.0
        D:9 |    2561 |    1689 |  39.7 |      27 |      13 |  32.5
       D:10 |     265 |       0 |   0.0 |       2 |       0 |   0.0
            +---------+---------+-------+---------+---------+-------

Skill      XL: |  1  2  3  4  5  6  7  8  9 10 |
---------------+-------------------------------+-----
Invocations    | 1 2 3 4 5 6 |  6.5
Short Blades   | 1 2 3 5 |  5.9
Long Blades    | 1 2 3 5 |  5.9
Maces & Flails | 1 2 3 5 |  5.9
Polearms       | 1 2 3 5 |  5.9
Staves         | 1 2 3 5 |  5.9
Ranged Weapons | 1 2 3 5 |  5.9
Throwing       | 1 2 3 5 |  5.9
Dodging        | 1 2 3 5 |  5.9
Stealth        | 1 2 3 5 |  5.9
Unarmed Combat | 1 2 3 5 |  5.9
Spellcasting   | 1 2 3 5 |  5.9
Evocations     | 1 2 3 5 |  5.9
Conjurations   | 1 2 3 4 |  4.9
Hexes          | 1 2 3 4 |  4.9
Summonings     | 1 2 3 4 |  4.9
Necromancy     | 1 2 3 4 |  4.9
Translocations | 1 2 3 4 |  4.9
Transmutations | 1 2 3 4 |  4.9
Fire Magic     | 1 2 3 4 |  4.9
Ice Magic      | 1 2 3 4 |  4.9
Air Magic      | 1 2 3 4 |  4.9
Earth Magic    | 1 2 3 4 |  4.9
Poison Magic   | 1 2 3 4 |  4.9
Axes           | 5 6 7 |  7.5
Fighting       | 7 8 |  8.9
Armour         | 7 8 |  8.9
Shields        | 7 8 |  8.9

Action                     |  1- 3 |  4- 6 |  7- 9 | 10-12 || total
---------------------------+-------+-------+-------+-------++-------
  Melee: War axe           |    80 |    69 |   226 |    95 ||   470
         Bite              |     9 |     7 |    32 |    17 ||    65
         Unarmed           |       |       |     7 |       ||     7
    Use: Scroll            |     9 |     1 |    13 |       ||    23
         Potion            |       |       |     3 |     3 ||     6
 Armour: Scale mail        |    28 |    46 |    47 |       ||   121
         Plate armour      |       |       |    79 |    77 ||   156
  Dodge: Dodged            |    35 |    23 |   122 |    70 ||   250
  Block: Buckler           |    20 |    14 |    72 |    29 ||   135

Illustrated notes

Table legend:
 A = Kills in this place as a percentage of kills in the entire game.
 B = Kills by you in this place as a percentage of kills by you in the entire game.
 C = Kills by friends in this place as a percentage of kills by friends in the entire game.
 D = Other kills in this place as a percentage of other kills in the entire game.
 E = Experience gained in this place as a percentage of experience gained in the entire game.
 F = Experience gained in this place divided by the number of levels of this place that you have seen.
                   A       B       C       D       E      F
               +-------+-------+-------+-------+-------+----------------------
         Total | 100.0 | 100.0 |   N/A |   N/A | 100.0 | 795.8
       Dungeon | 100.0 | 100.0 |   N/A |   N/A | 100.0 | 875.4
               +-------+-------+-------+-------+-------+----------------------

Table legend: (Time is in decaauts)
 A = Elapsed time spent in this place.
 B = Non-inter-level travel time spent in this place.
 C = Inter-level travel time spent in this place.
 D = Time resting spent in this place.
 E = Time spent auto-exploring this place.
 F = Levels seen in this place.
 G = Mean time per level.
                   A        B        C        D        E       F      G
               +--------+--------+--------+--------+--------+-----+--------+
         Total |   7673 |   7255 |    418 |     40 |   5825 |  11 |  697.5 |
       Dungeon |   7644 |   7235 |    409 |     40 |   5811 |  10 |  764.4 |
        Temple |     29 |     20 |      9 |      0 |     14 |   1 |   29.0 |
               +--------+--------+--------+--------+--------+-----+--------+

Top non-repeatable levels by time:
     D:9: 1201 daAuts
     D:1: 1145 daAuts
     D:8: 1006 daAuts
     D:3: 969 daAuts
     D:5: 735 daAuts
     D:7: 726 daAuts
     D:6: 614 daAuts
     D:2: 559 daAuts
     D:4: 519 daAuts
    D:10: 166 daAuts
  Temple: 29 daAuts
